 Dungeon Crawl Stone Soup version 0.30.1 (webtiles) character file.

Game seed: 12950229623144560631

285 AIAndy the Shooter (level 6, 0/51 HPs)
             Began as a Gnoll Wanderer on July 3, 2023.
             Was an Initiate of Hepliaklqana.
             Slain by a kobold
             ... wielding a +0 dagger
              (1 damage)
             ... in a sewer.
             The game lasted 00:16:00 (3113 turns).

AIAndy the Shooter (Gnoll Wanderer)                 Turns: 3113, Time: 00:16:01

Health: 0/51       AC:  2    Str:  9    XL:     6   Next: 29%
Magic:  14/14      EV: 12    Int: 14    God:    Hepliaklqana [......]
Gold:   74         SH:  0    Dex: 13    Spells: 14/15 levels left

rFire   . . .        a - +3 sling
rCold   . . .        (no shield)
rNeg    + . .        c - +0 robe
rPois   .            (no helmet)
rElec   .            (no cloak)
rCorr   .            (no gloves)
SInv    .            (no boots)
Will    .....        (no amulet)
Stlth   ++           e - ring of positive energy
HPRegen 0.28/turn    (no ring)
MPRegen 0.14/turn

%: no passive effects
@: lethally poisoned (0 -> -5), very slightly contaminated, invisible
A: fangs 1, strong nose, distributed training
a: Renounce Religion


You were in a sewer.
You worshipped Hepliaklqana.
Hepliaklqana was noncommittal.
You visited 1 branch of the dungeon, and saw 4 of its levels.
You also visited: Sewer.

You collected 134 gold pieces.
You spent 60 gold pieces at shops.

Inventory:

Hand Weapons
 a - a +3 sling (weapon)
 j - a +1 short sword of speed
Armour
 b - a +0 scale mail of cold resistance
 c - a +0 robe (worn)
 f - a +0 tower shield
Jewellery
 e - a ring of positive energy (left hand)
Scrolls
 l - a scroll of blinking {unknown}
 m - a scroll of teleportation {unknown}
 n - a scroll of identify
 p - a scroll of vulnerability
 q - a scroll of poison {unknown}
 s - a scroll of fog
Potions
 d - a potion of haste {unknown}
 h - 2 potions of might
 i - a potion of invisibility
 o - a potion of degeneration {unknown}
 r - a potion of magic


   Skills:
 + Level 5.0 Fighting
 + Level 2.0 Short Blades
 + Level 2.0 Long Blades
 + Level 2.0 Axes
 + Level 2.0 Maces & Flails
 + Level 2.0 Polearms
 + Level 2.0 Staves
 + Level 6.8 Ranged Weapons
 + Level 2.0 Throwing
 + Level 2.0 Armour
 + Level 2.0 Dodging
 + Level 2.0 Stealth
 + Level 2.0 Shields
 + Level 2.0 Unarmed Combat
 + Level 5.4 Spellcasting
 + Level 1.5 Conjurations
 + Level 1.5 Hexes
 + Level 1.5 Summonings
 + Level 1.5 Necromancy
 + Level 1.5 Translocations
 + Level 1.5 Transmutations
 + Level 1.5 Fire Magic
 + Level 1.5 Ice Magic
 + Level 1.5 Air Magic
 + Level 5.6 Earth Magic
 + Level 1.5 Poison Magic
 + Level 2.2 Invocations
 + Level 2.0 Evocations


You had 14 spell levels left.
You knew the following spells:

 Your Spells              Type           Power      Damage    Failure   Level
a - Sandblast             Erth           38%        2d10      1%          1

Your spell library contained the following spells:

 Spells                   Type           Power      Damage    Failure   Level
 Slow                     Hex            32%        N/A       9%          1
 Stone Arrow              Conj/Erth      26%        3d8       12%         3
 Lesser Beckoning         Tloc           16%        N/A       13%         2
 Confusing Touch          Hex            8%         N/A       26%         3
 Gell's Gravitas          Tloc           8%         N/A       26%         3
 Teleport Other           Tloc           8%         N/A       26%         3
 Vampiric Draining        Necr           8%         2d6       26%         3


Dungeon Overview and Level Annotations

Branches:
Dungeon (4/15)              Sewer (1/1)
 Temple: D:4-7

Altars:
Fedhas
Hepliaklqana
Makhleb
Okawaru

Shops:
D:1 !   D:2 (

Annotations:
D:3 exclusion: oklob plant


Innate Abilities, Weirdness & Mutations

You have very sharp teeth.
Your uncanny sense of smell can sniff out nearby items.
Your experience applies equally to all skills.


Message History

Aiming: Sandblast (safe; 1% risk of failure)
Press: ? - help, Shift-Dir - straight line, f/p - kobold brigand
Aim: a kobold brigand, wielding a +0 dagger and quivering poisoned darts (heavily wounded, 77% to hit)
The blast of sand hits the kobold brigand.
The kobold brigand is severely wounded.
The kobold hits you with a +0 whip.
The kobold throws a stone.
The stone barely misses you.
The stone hits the plant.
The plant begins to die.
Casting: Sandblast (safe; 1% risk of failure)
Confirm with . or Enter, or press ? or * to list all spells.
Aiming: Sandblast (safe; 1% risk of failure)
Press: ? - help, Shift-Dir - straight line, f/p - kobold brigand
Aim: a kobold brigand, wielding a +0 dagger and quivering poisoned darts (severely wounded, 77% to hit)
The blast of sand hits the kobold brigand.
The kobold brigand is almost dead.
The kobold closely misses you.
The kobold brigand hits you with a +0 dagger!
* * * LOW HITPOINT WARNING * * *
The kobold brigand hits you with a +0 dagger.
* * * LOW HITPOINT WARNING * * *
The kobold hits you with a +0 dagger.
* * * LOW HITPOINT WARNING * * *
The kobold hits you but does no damage.
Okay, then.
The kobold attacks as you move away! The kobold barely misses you.
The kobold brigand throws a poisoned dart.
The poisoned dart hits you!
You are lethally poisoned!
It was a potion of invisibility.
You fade into invisibility!
* * * LOW HITPOINT WARNING * * *
You feel very sick.
A nearby plant withers and dies.
The kobold barely misses you. The kobold hits you with a +0 dagger.
* * * LOW HITPOINT WARNING * * *
It was a potion of magic.
Magic courses through your body.
* * * LOW HITPOINT WARNING * * *
You feel sick. The kobold closely misses you.
The kobold brigand hits you but does no damage.
The kobold hits you with a +0 dagger.
You die...

### ##### #.##.....
########........
#####....#..........
#.∩.#..!.'K@P.......
#.∩.#.∩..'KK~~~~....
#...#..?.#.P~~P~....
###'########~~######
#≈~~~~~~~~~~~~~~~~~~
#≈≈~≈≈≈≈≈~≈≈≈≈≈~≈≈≈≈
#≈~~~~~~~~~~~~~~~~~~
#################~~~
∆ ~~~


You could see a kobold brigand (unable to see you) and 2 kobolds.

Vanquished Creatures
  A scorpion (D:4)
  2 hounds (D:4)
  An orc priest (D:3)
  A jelly (D:4)
  An iguana (D:4)
  An adder (D:2)
  2 worms
  3 orcs (D:3)
  4 endoplasms
  4 giant cockroaches
  2 goblins
  8 hobgoblins
  2 jackals (D:3)
  7 quokkas
  5 ball pythons
  6 bats
  2 frilled lizards
  10 kobolds
  4 rats
66 creatures vanquished.

Notes
Turn   | Place    | Note
-------+----------+-------------------------------------------
     0 | D:1      | AIAndy the Gnoll Wanderer began the quest for the Orb.
     0 | D:1      | AIAndy set off with the following items: a +3 sling, a
                  | scroll of fear, a +0 robe; and the following spell
                  | memorised: Sandblast; and the following spells available to
                  | memorise: Stone Arrow.
     0 | D:1      | Reached XP level 1. HP: 20/20 MP: 6/6
   149 | D:1      | Reached XP level 2. HP: 26/26 MP: 4/7
   231 | D:1      | Found Vuofahe's Distillery.
   795 | D:1      | Reached skill level 5 in Spellcasting
   795 | D:1      | Reached XP level 3. HP: 31/31 MP: 6/9
  1074 | D:1      | Bought a potion of heal wounds for 60 gold pieces
  1116 | D:2      | Reached skill level 1 in Invocations
  1218 | D:2      | Reached skill level 1 in Short Blades
  1218 | D:2      | Reached skill level 1 in Long Blades
  1218 | D:2      | Reached skill level 1 in Axes
  1218 | D:2      | Reached skill level 1 in Maces & Flails
  1218 | D:2      | Reached skill level 1 in Polearms
  1218 | D:2      | Reached skill level 1 in Staves
  1218 | D:2      | Reached skill level 1 in Throwing
  1218 | D:2      | Reached skill level 1 in Armour
  1218 | D:2      | Reached skill level 1 in Dodging
  1218 | D:2      | Reached skill level 1 in Stealth
  1218 | D:2      | Reached skill level 1 in Shields
  1218 | D:2      | Reached skill level 1 in Unarmed Combat
  1218 | D:2      | Reached skill level 1 in Evocations
  1543 | D:2      | Found Daerph's Antique Weapon Shop.
  1822 | D:3      | Reached XP level 4. HP: 38/38 MP: 9/11
  1952 | D:3      | Found an iron altar of Okawaru.
  1990 | D:3      | Found a burning altar of Makhleb.
  2182 | D:3      | Found a blossoming altar of Fedhas.
  2202 | D:3      | Noticed an oklob plant
  2380 | D:3      | Found a hazy altar of Hepliaklqana.
  2384 | D:3      | Became a worshipper of Hepliaklqana the Forgotten
  2460 | D:3      | Reached skill level 1 in Conjurations
  2460 | D:3      | Reached skill level 1 in Hexes
  2460 | D:3      | Reached skill level 1 in Summonings
  2460 | D:3      | Reached skill level 1 in Necromancy
  2460 | D:3      | Reached skill level 1 in Translocations
  2460 | D:3      | Reached skill level 1 in Transmutations
  2460 | D:3      | Reached skill level 1 in Fire Magic
  2460 | D:3      | Reached skill level 1 in Ice Magic
  2460 | D:3      | Reached skill level 1 in Air Magic
  2460 | D:3      | Reached skill level 1 in Poison Magic
  2825 | D:4      | Reached XP level 5. HP: 27/43 MP: 6/12
  2997 | D:4      | Reached XP level 6. HP: 45/50 MP: 9/13
  3045 | D:4      | Reached skill level 5 in Fighting
  3074 | D:4      | Found a glowing drain.
  3087 | Sewer    | Entered a sewer
  3112 | Sewer    | HP: 2/51 [kobold/+0 dagger (3)]
  3113 | Sewer    | Slain by a kobold

Illustrated notes

Levels and vault maps discovered:
D:1:      shiori_arrival_oz, layout_basic, serial_shops, shop,
          chequers_serial_rivers_large_b
D:2:      layout_rooms, serial_shops, shop, serial_bayou_lake_a
D:3:      layout_loops_ring, mainiacjoe_overflow_brackets, tgw_fedhas,
          mainiacjoe_overflow_big_doors
D:4:      corexii_shantytown, layout_basic, kennysheep_mini_moat,
          lemuel_round_altar, cheibrodos_sewer_entry_bend, uniq_menkaure
Sewer:    kennysheep_pipe_town

Skill      XL: |  1  2  3  4  5  6 |
---------------+-------------------+-----
Spellcasting   | 5 |  5.4
Invocations    | 1 2 |  2.2
Short Blades   | 1 2 |  2.0
Long Blades    | 1 2 |  2.0
Axes           | 1 2 |  2.0
Maces & Flails | 1 2 |  2.0
Polearms       | 1 2 |  2.0
Staves         | 1 2 |  2.0
Throwing       | 1 2 |  2.0
Armour         | 1 2 |  2.0
Dodging        | 1 2 |  2.0
Stealth        | 1 2 |  2.0
Shields        | 1 2 |  2.0
Unarmed Combat | 1 2 |  2.0
Evocations     | 1 2 |  2.0
Conjurations   | 1 |  1.5
Hexes          | 1 |  1.5
Summonings     | 1 |  1.5
Necromancy     | 1 |  1.5
Translocations | 1 |  1.5
Transmutations | 1 |  1.5
Fire Magic     | 1 |  1.5
Ice Magic      | 1 |  1.5
Air Magic      | 1 |  1.5
Poison Magic   | 1 |  1.5
Fighting       | 5 |  5.0
Ranged Weapons | |  6.8
Earth Magic    | |  5.6

Action                     |  1- 3 |  4- 6 || total
---------------------------+-------+-------++-------
   Fire: Sling             |    35 |    36 ||    71
   Cast: Sandblast         |    38 |    40 ||    78
    Use: Scroll            |       |     6 ||     6
         Potion            |       |     3 ||     3
 Armour: Robe              |       |     2 ||     2
  Dodge: Dodged            |     7 |    21 ||    28
